 Dungeon Crawl Stone Soup version 0.24-a0-347-g1a3e1d35ff (webtiles) character file.

Game seed: 2336496232597366027

4783 mhoghedin the Frost Mage (level 10, -4/80 HPs)
             Began as a Green Draconian Ice Elementalist on May 22, 2019.
             Was a Priest of Vehumet.
             Slain by a two-headed ogre
             ... wielding a +0 giant club
              (15 damage)
             ... on level 8 of the Dungeon.
             The game lasted 00:20:41 (8865 turns).

mhoghedin the Frost Mage (DrIE)                     Turns: 8865, Time: 00:20:41

Health: -4/80      AC: 10    Str: 10    XL:     10   Next: 23%
Magic:  0/18       EV: 14    Int: 25    God:    Vehumet [***...]
Gold:   77         SH:  0    Dex: 13    Spells: 8/20 levels left

rFire    . . .     SeeInvis .   q - +5 mace "Pocw" {drain, Int+3 Dex+2}
rCold    . . .     Gourm    .   (no shield)
rNeg     . . .     Faith    .   (armour unavailable)
rPois    +         Spirit   +   (helmet restricted)
rElec    .         Reflect  .   u - +2 cloak
rCorr    .         Harm     .   (no gloves)
MR       .....                  (no boots)
Stlth    ++........             t - amulet of guardian spirit {Spirit}
HPRegen  0.23/turn              p - +2 ring of intelligence
MPRegen  0.16/turn              (no ring)

@: short of breath
A: breathe noxious fumes, unfitting armour, poison resistance, cold-blooded, AC
+7
a: Breathe Noxious Fumes, Renounce Religion


You were on level 8 of the Dungeon.
You worshipped Vehumet.
Vehumet was most pleased with you.
You were hungry.

You visited 1 branch of the dungeon, and saw 9 of its levels.

You collected 381 gold pieces.
You spent 304 gold pieces at shops.

Inventory:

Hand Weapons
 q - the +5 mace "Pocw" (weapon) {drain, Int+3 Dex+2}
   (You found it on level 4 of the Dungeon)

   A truly terrible weapon, it drains the life of those it strikes.
   It affects your intelligence (+3).
   It affects your dexterity (+2).
Armour
 u - a +2 cloak (worn)
   (You took it off Crazy Yiuf on level 4 of the Dungeon)
Magical Staves
 n - an uncursed staff of fire {rF+}
   (You found it on level 4 of the Dungeon)
Jewellery
 p - a +2 ring of intelligence (left hand)
   (You found it on level 4 of the Dungeon)
 t - an amulet of guardian spirit (around neck) {Spirit}
   (You found it on level 4 of the Dungeon)
 D - an uncursed ring of fire {rF+, rC-}
   (You found it on level 6 of the Dungeon)
Scrolls
 a - 2 scrolls of remove curse
 d - a scroll of fog {unknown}
 e - 9 scrolls of teleportation
 h - 2 scrolls of noise {unknown}
 i - 4 scrolls of identify
 l - a scroll of fear {unknown}
 o - a scroll of blinking {!r}
 r - a scroll of amnesia {unknown}
 x - a scroll of enchant weapon {unknown}
 y - a scroll of brand weapon {unknown}
 A - a scroll of magic mapping {unknown}
 E - a scroll of vulnerability {unknown}
Potions
 c - 2 potions of resistance
 f - 3 potions of curing
 j - 2 potions of flight {unknown}
 k - 2 potions of haste {unknown}
 s - a potion of cancellation {unknown}
 v - 2 potions of heal wounds {unknown}
 w - 2 potions of agility {unknown}
 z - a potion of might
 B - a potion of invisibility {unknown}
 C - 2 potions of magic {unknown}
Comestibles
 b - 5 rations
 g - 12 chunks of flesh {@w0}


   Skills:
 + Level 4.5 Fighting
 + Level 4.1 Maces & Flails
 + Level 4.3 Dodging
 - Level 1.7 Stealth
 - Level 5.6 Spellcasting
 - Level 6.3 Conjurations
 - Level 3.3 Summonings
 - Level 9.6 Ice Magic


You had 8 spell levels left.
You knew the following spells:

 Your Spells              Type           Power        Failure   Level  Hunger
a - Freeze                Ice            ####         1%          1    None
b - Summon Ice Beast      Ice/Summ       #####...     5%          4    ###....
x - Throw Icicle          Conj/Ice       #####...     1%          4    ###....
A - Ozocubu's Armour      Chrm/Ice       ####....     3%          3    #......

Your spell library contained the following spells:

 Spells                   Type           Power        Failure   Level  Hunger
 Iskenderun's Mystic Bla  Conj           #####...     1%          4    ###....
 Summon Small Mammal      Summ           ###.         1%          1    None
 Throw Frost              Conj/Ice       #####.       1%          2    None
 Animate Skeleton         Necr           N/A          8%          1    None
 Apportation              Tloc           #.....       8%          1    None
 Confusing Touch          Hex            #.....       8%          1    None


Dungeon Overview and Level Annotations

Branches:
Dungeon (9/15)             Temple (0/1) D:6             Orc (0/2) D:9
   Lair: D:8-11

Altars:
Cheibriados
Elyvilon
Fedhas
Gozag
Nemelex Xobeh
Okawaru
Qazlal
Ru
Sif Muna
Uskayaw
Vehumet
Wu Jian
Xom
The Shining One

Shops:
D:5 (   D:8 :[


Innate Abilities, Weirdness & Mutations

You can breathe blasts of noxious fumes.
Your lurid green scales are hard. (AC +7)
You cannot fit into any form of body armour.
Your system is resistant to poisons. (rPois)
You are cold-blooded and may be slowed by cold attacks.


Message History

The ogre hits you with a +0 giant club!!
You take 13 damage, and have 52/80 hp.
You now have 12/18 mp.
You closely miss the ogre. The ogre closely misses you.
Unknown command.
Aim: an ogre, wielding a +0 giant club (heavily wounded)
You exhale a blast of noxious fumes.
The blast of choking fumes hits the ogre.
You feel somewhat more hungry.
The ogre is engulfed in noxious fumes.
The ogre appears confused.
The ogre covers its eyes.
The ogre barely misses you.
You sock the ogre!
You kill the ogre!
Vehumet accepts your kill.
You feel your power returning.
You regained 2 mp, and now have 14/18 mp.
No target in view!
Items here: ( )) ÷ † a +0 giant club; 14 arrows; a +0 shortbow; an ogre corpse a black bear skeleton You butcher the ogre corpse.
g - 12 chunks of flesh {@w0} (gained 6)
Items here: ( )) ÷÷ a +0 giant club; 14 arrows; a +0 shortbow; an ogre skeleton a black bear skeleton You start resting.
You have got your breath back.
You regained 3 hp, and now have 56/80 hp.
You regained 2 mp, and now have 17/18 mp.
Done exploring.
There is a stone staircase leading down, spattered with blood here.
You climb downwards.
There is a stone staircase leading up, spattered with blood here.
You see here an arrow.
Found a staircase to the Orcish Mines.
A crimson imp comes into view.
The crimson imp shouts!
A two-headed ogre comes into view.
It is wielding a +0 giant club and a +2 dire flail of protection.
MP restored: 18
There are monsters nearby!
There are monsters nearby!
A sky beast comes into view.
There is a stone staircase leading up, spattered with blood here.
You see here an arrow.
The two-headed ogre hits you with a +0 giant club!
The two-headed ogre hits you but does no damage.
The crimson imp closely misses you.
You climb upwards.
There is a stone staircase leading down, spattered with blood here.
You take 5 damage, and have 54/80 hp.
You now have 17/18 mp.
Aim: a two-headed ogre, wielding a +0 giant club and a +2 dire flail of protection You exhale a blast of noxious fumes.
The blast of choking fumes misses the two-headed ogre.
You are feeling hungry.
The two-headed ogre is engulfed in noxious fumes.
The two-headed ogre hits you with a +0 giant club.
The two-headed ogre hits you with a +2 dire flail of protection!
The crimson imp misses you.
You take 7 damage, and have 47/80 hp.
You now have 15/18 mp.
Aim: a two-headed ogre, wielding a +0 giant club and a +2 dire flail of protection (noxious fumes)
The shard of ice hits the two-headed ogre.
The crimson imp misses you.
The two-headed ogre is engulfed in noxious fumes.
The two-headed ogre misses you. The two-headed ogre closely misses you.
You now have 11/18 mp.
Aim: a two-headed ogre, wielding a +0 giant club and a +2 dire flail of protection (noxious fumes, lightly wounded)
The shard of ice hits the two-headed ogre!
The crimson imp hits you.
You take 3 damage, and have 44/80 hp.
You now have 7/18 mp.
Aim: a two-headed ogre, wielding a +0 giant club and a +2 dire flail of protection (noxious fumes, moderately wounded)
The shard of ice hits the two-headed ogre!
The two-headed ogre is engulfed in noxious fumes.
The two-headed ogre closely misses you.
The two-headed ogre hits you with a +2 dire flail of protection!!
The crimson imp closely misses you.
You take 19 damage, and have 25/80 hp.
MASSIVE DAMAGE!!
You now have 2/18 mp.
You barely miss the two-headed ogre.
The two-headed ogre is engulfed in noxious fumes.
The two-headed ogre closely misses you.
The two-headed ogre hits you with a +2 dire flail of protection.
* * * LOW HITPOINT WARNING * * *
The crimson imp hits you.
* * * LOW HITPOINT WARNING * * *
You take 7 damage, and have 18/80 hp.
You barely miss the two-headed ogre. The two-headed ogre misses you.
The two-headed ogre barely misses you. The crimson imp barely misses you.
Okay, then.
Unknown command.
Aim: a two-headed ogre, wielding a +0 giant club and a +2 dire flail of protection (severely wounded)
You freeze the two-headed ogre. The two-headed ogre misses you.
The two-headed ogre hits you with a +2 dire flail of protection!
* * * LOW HITPOINT WARNING * * *
The crimson imp blinks!
You take 8 damage, and have 11/80 hp.
You now have 1/18 mp.
Aim: a two-headed ogre, wielding a +0 giant club and a +2 dire flail of protection (severely wounded)
You freeze the two-headed ogre.
The two-headed ogre hits you with a +0 giant club!
You die...

.######.# #.# #.# .# #.#
#.# #.# .######.###.# #.#
.........##.# #.#
#######..##.# ##.# #..##.#
### ######... #..##.##
##.## #...<....
#..##..####O#.#####.####...
#..###..##@#........# ##.#
#<.####.###)..###########.#
#........##>..####........#
##.........<..........#####
#..###.##.....###.....# #
#..# #.#.#............# #
#..###.##...#.###.....# #
#............#####[..#####
#..###.###...# #..........


You could see a two-headed ogre.

Vanquished Creatures
  A two-headed ogre (D:8)
  A troll (D:7)
  A hippogriff (D:7)
  A yak (D:8)
  A hungry ghost (D:7)
  Eustachio (D:4)
  Menkaure (D:4)
  2 wargs (D:8)
  A black bear (D:8)
  3 ice beasts
  An orc warrior (D:7)
  2 phantoms
  5 ogres
  3 centaurs
  A bullfrog (D:7)
  2 scorpions (D:8)
  9 wights (D:8)
  6 crimson imps
  A jelly (D:8)
  3 hounds
  A gnoll shaman (D:8)
  7 orc priests
  An iron imp (D:6)
  6 orc wizards
  4 iguanas
  5 worker ants
  A hound zombie (D:6)
  2 hound skeletons
  14 adders
  5 gnolls (D:8)
  3 oozes
  An adder zombie (D:8)
  A worm (D:4)
  3 dart slugs
  3 leopard geckos
  29 orcs
  7 giant cockroaches
  6 goblins
  9 hobgoblins
  9 jackals
  8 kobolds
  4 quokkas
  2 ball pythons
  10 bats
  4 frilled lizards
  A giant cockroach zombie (D:6)
  3 hobgoblin zombies (D:6)
  3 leopard gecko skeletons
  An orc skeleton (D:6)
  An orc zombie (D:6)
  A quokka skeleton (D:4)
  6 rats
207 creatures vanquished.

Vanquished Creatures (collateral kills)
  Crazy Yiuf (D:4)
1 creature vanquished.

Vanquished Creatures (others)
  A quokka (D:3)
1 creature vanquished.

Grand Total: 209 creatures vanquished

Notes
Turn   | Place    | Note
-------+----------+-------------------------------------------
     0 | D:1      | mhoghedin the Draconian Ice Elementalist began the quest
                  | for the Orb.
     0 | D:1      | Reached XP level 1. HP: 14/14 MP: 3/3
   266 | D:1      | Reached XP level 2. HP: 9/20 MP: 0/5
   656 | D:1      | Reached skill level 4 in Ice Magic
   695 | D:1      | Reached XP level 3. HP: 25/26 MP: 0/6
   788 | D:1      | Learned a level 3 spell: Ozocubu's Armour
   946 | D:1      | You fall into a shaft and drop 1 floor!
  1201 | D:2      | Found a sparkling altar of Nemelex Xobeh.
  1208 | D:2      | Reached skill level 5 in Ice Magic
  1208 | D:2      | Reached XP level 4. HP: 32/33 MP: 3/7
  1961 | D:3      | Found a white marble altar of Elyvilon.
  2044 | D:3      | Found an ornate altar of the Wu Jian Council.
  2180 | D:3      | Found a radiant altar of Vehumet.
  2194 | D:3      | Reached XP level 5. HP: 36/38 MP: 3/8
  2201 | D:3      | Found a shimmering altar of Xom.
  2201 | D:3      | Found an iron altar of Okawaru.
  2219 | D:3      | Became a worshipper of Vehumet
  2417 | D:3      | Found a stormy altar of Qazlal.
  2713 | D:4      | Reached skill level 6 in Ice Magic
  2718 | D:4      | Found a deep blue altar of Sif Muna.
  2999 | D:4      | Noticed Menkaure
  3004 | D:4      | Killed Menkaure
  3004 | D:4      | Reached XP level 6. HP: 40/45 MP: 6/9
  3020 | D:4      | Found an opulent altar of Gozag.
  3137 | D:4      | Reached skill level 7 in Ice Magic
  3539 | D:4      | Learned a level 4 spell: Summon Ice Beast
  3545 | D:4      | Noticed Eustachio
  3554 | D:4      | Killed Eustachio
  3554 | D:4      | Reached skill level 2 in Summonings
  3554 | D:4      | Your scales start taking on a lurid green colour.
  3554 | D:4      | Reached XP level 7. HP: 41/50 MP: 0/10
  3554 | D:4      | Gained mutation: Your system is resistant to poisons.
                  | (rPois) [Green Draconian growth]
  3646 | D:4      | Reached * piety under Vehumet
  3646 | D:4      | Offered knowledge of Flame Tongue by Vehumet.
  3646 | D:4      | Reached skill level 3 in Summonings
  4036 | D:4      | Found a runed translucent door.
  4037 | D:4      | Noticed Crazy Yiuf
  4052 | D:4      | Killed Crazy Yiuf
  4061 | D:4      | Got a translucent mace
  4062 | D:4      | Identified the +5 mace "Pocw" {drain, Int+3 Dex+2} (You
                  | found it on level 4 of the Dungeon)
  4473 | D:5      | Entered Level 5 of the Dungeon
  4486 | D:5      | Reached skill level 3 in Spellcasting
  4830 | D:5      | Reached skill level 4 in Spellcasting
  4883 | D:5      | Found Pese's Weapon Emporium.
  4916 | D:5      | Reached XP level 8. HP: 55/57 MP: 13/15
  4975 | D:5      | Found a blossoming altar of Fedhas.
  5004 | D:5      | Reached skill level 5 in Spellcasting
  5384 | D:5      | Learned a level 4 spell: Throw Icicle
  5522 | D:6      | Reached skill level 2 in Conjurations
  5530 | D:6      | Offered knowledge of Sting by Vehumet.
  5543 | D:6      | Found a staircase to the Ecumenical Temple.
  5600 | D:6      | Reached skill level 3 in Conjurations
  5622 | D:6      | Reached ** piety under Vehumet
  5694 | D:6      | Reached skill level 4 in Conjurations
  5782 | D:6      | Found a glowing golden altar of the Shining One.
  6064 | D:6      | Reached skill level 5 in Conjurations
  6160 | D:6      | Found an iron altar of Okawaru.
  6374 | D:7      | Found a white marble altar of Elyvilon.
  6410 | D:7      | Reached skill level 6 in Conjurations
  6418 | D:7      | Reached XP level 9. HP: 40/62 MP: 2/17
  6471 | D:7      | Reached skill level 8 in Ice Magic
  6667 | D:7      | Noticed a troll
  6681 | D:7      | Killed a troll
  6681 | D:7      | Offered knowledge of Inner Flame by Vehumet.
  6718 | D:7      | Reached skill level 9 in Ice Magic
  6810 | D:7      | Found a hide-covered altar of Uskayaw.
  6874 | D:7      | Found a snail-covered altar of Cheibriados.
  6875 | D:7      | Found a sacrificial altar of Ru.
  7135 | D:8      | Reached *** piety under Vehumet
  7220 | D:8      | Reached skill level 2 in Dodging
  7254 | D:8      | Reached skill level 1 in Fighting
  7254 | D:8      | Reached skill level 1 in Maces & Flails
  7275 | D:8      | Offered knowledge of Iskenderun's Mystic Blast by Vehumet.
  7286 | D:8      | Reached skill level 2 in Fighting
  7427 | D:8      | Reached skill level 2 in Maces & Flails
  7517 | D:8      | Found Qikhlan's Antique Armour Shop.
  7556 | D:8      | Bought a slimy cloak for 304 gold pieces
  7566 | D:8      | Identified the cursed +0 cloak of the Hidden Runes {rPois
                  | Str-4 Dex+8 Stlth-} (You bought it in a shop on level 8 of
                  | the Dungeon)
  7751 | D:8      | Reached skill level 3 in Dodging
  7767 | D:8      | Reached skill level 3 in Fighting
  7991 | D:8      | Found Ysenlext's Book Shop.
  8233 | D:8      | Reached skill level 3 in Maces & Flails
  8471 | D:9      | Noticed a two-headed ogre
  8479 | D:8      | Reached XP level 10. HP: 31/77 MP: 3/18
  8480 | D:8      | HP: 18/77 [two-headed ogre/+0 giant spiked club (9)]
  8486 | D:8      | Killed a two-headed ogre
  8486 | D:8      | Reached skill level 4 in Fighting
  8486 | D:8      | Reached skill level 4 in Dodging
  8496 | D:8      | Reached skill level 4 in Maces & Flails
  8845 | D:9      | Found a staircase to the Orcish Mines.
  8846 | D:9      | Noticed a two-headed ogre
  8862 | D:8      | HP: 19/80 [two-headed ogre/+0 giant club (6)]
  8865 | D:8      | Slain by a two-headed ogre

Levels and vault maps discovered:
D:1:      lightli_arrival_noodles, layout_rooms, minmay_splitting_lines
D:2:      layout_loops_ring, nemelex_xobeh_ov_fountains_minmay
D:3:      layout_loops_cross, lemuel_round_altar, minitemple, elyvilon_altar_4,
          nicolae_qazlal_general_emergency
D:4:      layout_loops_corners, nicolae_overflow_crystal_walls,
          lemuel_doored_altar, uniq_eustachio, uniq_menkaure,
          uniq_crazy_yiuf_cottage
D:5:      layout_gridville, fedhas_altar_1, first_ration, serial_shops,
          shop_statue
D:6:      layout_basic, nicolae_tso_besieged_by_evil,
          minmay_temple_entry_junction, kennysheep_okawaru_gauntlet
D:7:      layout_cave_pools, gammafunk_temple_overflow_forgotten, basic_altar
D:8:      layout_loops_ring, serial_shops, shop,
          nicolae_shop_temple_entry_statues_fountains
D:9:      layout_cave_pools, david_lair_shrubbed, minmay_orc_entry_guard_dogs,
          hangedman_fish_farm, onia_ninara_cookie

Skill      XL: |  1  2  3  4  5  6  7  8  9 10 |
---------------+-------------------------------+-----
Ice Magic      | 4 5 6 7 9 |  9.6
Summonings     | 2 3 |  3.3
Spellcasting   | 4 5 |  5.6
Conjurations   | 6 |  6.3
Dodging        | 3 4 |  4.3
Fighting       | 3 4 |  4.5
Maces & Flails | 3 4 |  4.1
Stealth        | |  1.7

Action                   |  1- 3 |  4- 6 |  7- 9 | 10-12 || total
-------------------------+-------+-------+-------+-------++-------
Melee: Unarmed           |    11 |       |       |       ||    11
       Whip              |    28 |     2 |       |       ||    30
       Tailslap          |     6 |     2 |    48 |       ||    56
       Short sword       |       |    34 |    21 |       ||    55
       Mace              |       |       |   371 |    23 ||   394
 Cast: Freeze            |    36 |    90 |    50 |     2 ||   178
       Ozocubu's Armour  |       |     1 |     3 |       ||     4
       Summon Ice Beast  |       |       |     2 |       ||     2
       Throw Icicle      |       |       |    16 |     4 ||    20
 Abil: Breathe Noxious F |       |       |    15 |     3 ||    18
Evoke: Wand              |       |     3 |     4 |       ||     7
  Use: Scroll            |       |     9 |     2 |       ||    11
       Potion            |       |     2 |       |     1 ||     3
 Stab: Confused          |       |       |     6 |     1 ||     7
       Sleeping          |       |       |     1 |       ||     1
  Eat: Chunk             |     1 |     8 |     8 |     1 ||    18
       Ration            |       |     1 |     4 |       ||     5
Armor: Skin              |    37 |    40 |   198 |    21 ||   296
Dodge: Dodged            |    76 |    59 |   314 |    31 ||   480

Table legend:
 A = Non-vault XP
 B = Vault XP
 C = Vault XP percentage of total XP
 D = Non-vault monster count
 E = Vault monster count
 F = Vault count percentage of total count
                 A         B        C        D         E       F
            +---------+---------+-------+---------+---------+-------
      Total |    4950 |    1883 |  27.6 |     189 |      19 |   9.1
            +---------+---------+-------+---------+---------+-------
        D:1 |      55 |       0 |   0.0 |      27 |       0 |   0.0
        D:2 |      92 |       0 |   0.0 |      17 |       0 |   0.0
        D:3 |      81 |       0 |   0.0 |      26 |       0 |   0.0
        D:4 |     423 |     388 |  47.8 |      26 |       3 |  10.3
        D:5 |     683 |       0 |   0.0 |      24 |       0 |   0.0
        D:6 |     824 |      49 |   5.6 |      21 |       8 |  27.6
        D:7 |    1411 |       0 |   0.0 |      17 |       0 |   0.0
        D:8 |    1381 |    1446 |  51.1 |      31 |       8 |  20.5
            +---------+---------+-------+---------+---------+-------

Levels and vault maps discovered:
D:1:      lightli_arrival_noodles, layout_rooms, minmay_splitting_lines
D:2:      layout_loops_ring, nemelex_xobeh_ov_fountains_minmay
D:3:      layout_loops_cross, lemuel_round_altar, minitemple, elyvilon_altar_4,
          nicolae_qazlal_general_emergency
D:4:      layout_loops_corners, nicolae_overflow_crystal_walls,
          lemuel_doored_altar, uniq_eustachio, uniq_menkaure,
          uniq_crazy_yiuf_cottage
D:5:      layout_gridville, fedhas_altar_1, first_ration, serial_shops,
          shop_statue
D:6:      layout_basic, nicolae_tso_besieged_by_evil,
          minmay_temple_entry_junction, kennysheep_okawaru_gauntlet
D:7:      layout_cave_pools, gammafunk_temple_overflow_forgotten, basic_altar
D:8:      layout_loops_ring, serial_shops, shop,
          nicolae_shop_temple_entry_statues_fountains
D:9:      layout_cave_pools, david_lair_shrubbed, minmay_orc_entry_guard_dogs,
          hangedman_fish_farm, onia_ninara_cookie

Table legend:
 A = Turns spent in this place as a percentage of turns spent in the entire game.
 B = Non-inter-level travel turns spent in this place as a percentage of non-inter-level travel turns spent in the entire game.
 C = Inter-level travel turns spent in this place as a percentage of turns spent in this place.
 D = Turns resting spent in this place as a percentage of non-inter-level travel turns spent in this place.
 E = Turns spent auto-exploring this place as a percentage of non-inter-level travel turns spent in this place.
 F = Non-inter-level travel turns spent in this place divided by the number of levels of this place that you've seen.
                   A       B       C       D       E      F
               +-------+-------+-------+-------+-------+----------------------
         Total | 100.0 | 100.0 |   3.0 |  30.4 |  45.0 | 955.6
       Dungeon | 100.0 | 100.0 |   3.0 |  30.4 |  45.0 | 955.6
               +-------+-------+-------+-------+-------+----------------------

Table legend:
 A = Kills in this place as a percentage of kills in entire the game.
 B = Kills by you in this place as a percentage of kills by you in the entire game.
 C = Kills by friends in this place as a percentage of kills by friends in the entire game.
 D = Other kills in this place as a percentage of other kills in the entire game.
 E = Experience gained in this place as a percentage of experience gained in the entire game.
 F = Experience gained in this place divided by the number of levels of this place that you have seen.
                   A       B       C       D       E      F
               +-------+-------+-------+-------+-------+----------------------
         Total | 100.0 | 100.0 | 100.0 | 100.0 | 100.0 | 759.2
       Dungeon | 100.0 | 100.0 | 100.0 | 100.0 | 100.0 | 759.2
               +-------+-------+-------+-------+-------+----------------------
